 Dungeon Crawl Stone Soup version bcrawl-1.39.1 (webtiles) character file.

Game seed: 12244841172409940785

159144 Finalfun the Skirmisher (level 3, 0/43 HPs)
             Began as a Demonspawn Abyssal Knight on Sept 26, 2023.
             Was a Believer of Lugonu.
             Succumbed to an orc's poison
             ... on level 2 of the Dungeon.
             The game lasted 00:02:50 (989 turns).

Finalfun the Skirmisher (Demonspawn Abyssal Knight)  Turns: 989, Time: 00:02:50

Health: 0/43       AC: 21    Str: 14    XL:     3   Next: 85%
Magic:  5/5        EV:  1    Int: 11    God:    Lugonu [**....]
Gold:   50         SH:  0    Dex: 13    Spells: 2/2 levels left

rFire    . . .     GDR:     47% a - +0 rapier
rCold    . . .     SeeInvis .   (no shield)
rNeg     + + +     Gourm    .   (armour currently unavailable)
rPois    +         Faith    .   (helmet currently unavailable)
rElec    .         Spirit   .   (cloak currently unavailable)
rCorr    .         Reflect  .   (gloves currently unavailable)
MR       .....     NoTele   +   (boots currently unavailable)
Stlth    ++........             (no amulet)
HPRegen  0.17/turn              (no ring)
MPRegen  0.09/turn              (no ring)

@: lethally poisoned (0 -> -17), tree-form
A: giant
a: Depart the Abyss, Bend Space, Banish, Renounce Religion


You were on level 2 of the Dungeon.
You worshipped Lugonu.
Lugonu was pleased with you.
You were not hungry.
You were a tree.
You visited 1 branch of the dungeon, and saw 2 of its levels.
You visited the Abyss 1 time.

You collected 50 gold pieces.

Inventory:

Hand Weapons
 a - a +0 rapier (weapon)
Missiles
 c - 10 tomahawks of dispersal {=f}
 d - 393 stones (quivered)
Armour
 n - a +0 plate armour (melded)
Scrolls
 i - a scroll of teleportation {unknown}
 j - a scroll of enchant armour {unknown}
 k - a scroll of fog {unknown}
 m - 2 scrolls of remove curse
Potions
 l - 3 potions of might
Comestibles
 b - 3 chunks of flesh
 e - 2 rations {!d}


   Skills:
 - Level 3.0 Fighting
 + Level 2.9 Short Blades
 - Level 1.0 Throwing
 - Level 2.0 Armour
 - Level 1.0 Dodging
 - Level 2.0 Stealth
 - Level 3.0 Invocations


You had 2 spell levels left.
You didn't know any spells.
Your spell library was empty.

Dungeon Overview and Level Annotations

Branches:
Dungeon (2/12)

Altars:
Lugonu
Trog


Innate Abilities, Weirdness & Mutations

((You are partially covered in sharp spines.))


Message History

The orc is heavily wounded.
* * * LOW HITPOINT WARNING * * *
You feel sick. The orc is struck by your spines.
The orc hits you but does no damage.
Your plate armour prevents you from hitting the orc.
The orc is almost dead.
* * * LOW HITPOINT WARNING * * *
You feel sick. The orc hits you but does no damage.
You hit the orc.
You kill the orc!
Lugonu accepts your kill.
* * * LOW HITPOINT WARNING * * *
You feel sick.
It was a potion of lignification.
You turn into a tree.
Your +0 plate armour melds into your body.
Your roots penetrate the ground.
* * * LOW HITPOINT WARNING * * *
You feel sick.
It was a potion of flight.
Your roots keep you in place.
You die...

#.#
#.#
#.#
#.#
#.#
#.#
#.#
#.#
#♣#
#)#
#..
####


There were no monsters in sight!

Vanquished Creatures
  Jessica (D:2)
  An ooze (D:1)
  A worm (D:2)
  A dart slug (D:1)
  3 leopard geckos
  An orc (D:2)
  2 bats (D:1)
  3 goblins (D:1)
  A hobgoblin (D:2)
  3 jackals (D:2)
  A ball python (D:2)
  2 kobolds
  3 rats (D:2)
23 creatures vanquished.

Notes
Turn   | Place    | Note
-------+----------+-------------------------------------------
     0 | Abyss:1  | Finalfun the Demonspawn Abyssal Knight began the quest for
                  | the Orb.
     0 | Abyss:1  | Reached XP level 1. HP: 18/18 MP: 2/2
    16 | D:1      | Escaped the Abyss
    69 | D:1      | Reached skill level 1 in Throwing
    69 | D:1      | Reached skill level 1 in Dodging
   209 | D:1      | Gained mutation: You are partially covered in sharp spines.
                  | [demonic ancestry]
   209 | D:1      | Reached XP level 2. HP: 22/24 MP: 4/4
   334 | D:1      | Reached skill level 1 in Stealth
   698 | D:2      | Noticed Jessica
   711 | D:2      | Killed Jessica
   712 | D:2      | Reached XP level 3. HP: 27/29 MP: 5/5
   791 | D:2      | Found a bloodstained altar of Trog.
   901 | D:2      | Found a corrupted altar of Lugonu.
   970 | D:2      | Reached ** piety under Lugonu
   988 | D:2      | HP: 2/43 [poisoned by an orc]
   989 | D:2      | Succumbed to an orc's poison

Skill      XL: |  1  2 |
---------------+-------+-----
Throwing       | 1 |  1.0
Dodging        | 1 |  1.0
Short Blades   | 2 |  2.9
Invocations    | 3 |  3.0
Armour         | 2 |  2.0
Stealth        | 2 |  2.0
Fighting       | |  3.0

Action                   || total
-------------------------++-------
Melee: Rapier            ||    61
  Use: Scroll            ||     2
       Potion            ||     2
  Eat: Chunk             ||     2
Armor: Ring mail         ||    18
       Plate armour      ||     5
Dodge: Dodged            ||    37
